 Dungeon Crawl Stone Soup version 0.30-a0-739-gea05faddec (webtiles) character file.

Game seed: 9847276656788764013

8 Leeroy the Grasshopper (level 2, 0/12 (15) HPs)
             Began as a Vine Stalker Warper on Feb 4, 2023.
             Slain by a gnoll
             ... wielding a +1 flail of draining
              (2 damage)
             ... on level 1 of the Dungeon.
             The game lasted 00:01:40 (160 turns).

Leeroy the Grasshopper (Vine Stalker Warper)         Turns: 160, Time: 00:01:40

HP:   0/12 (15)     AC:  3    Str: 13    XL:     2   Next: 8%
MP:   0/6           EV: 11    Int: 13    God:
Gold: 15            SH:  0    Dex: 13    Spells: 5/5 levels left

rFire   . . .      SeeInvis .    a - +0 falchion
rCold   . . .      Faith    .    (no shield)
rNeg    . . .      Spirit   +    b - +0 leather armour
rPois   .          Reflect  .    (no helmet)
rElec   .          Harm     .    (no cloak)
rCorr   .          Rampage  .    (no gloves)
Will    .....                    (no boots)
Stlth   +                        (no amulet)
HPRegen 0.22/turn                (no ring)
MPRegen 0.10/turn                (no ring)

@: heavily drained
A: fangs 2, magic shield, antimagic bite, no potion heal 2
a: no special abilities


You were on level 1 of the Dungeon.
You visited 1 branch of the dungeon, and saw 1 of its levels.

You collected 15 gold pieces.

Inventory:

Hand Weapons
 a - a +0 falchion (weapon)
Missiles
 d - 7 boomerangs of dispersal (quivered)
Armour
 b - a +0 leather armour (worn)
Scrolls
 c - a scroll of blinking
 e - a scroll of magic mapping {unknown}
 f - a scroll of vulnerability {unknown}


   Skills:
 - Level 1.7 Fighting
 + Level 2.5 Long Blades
 - Level 0.8 Throwing
 - Level 0.7 Armour
 - Level 1.5 Dodging
 - Level 2.1 Spellcasting
 - Level 3.0 Translocations


You had 5 spell levels left.
You didn't know any spells.
Your spell library contained the following spells:

 Spells                   Type           Power      Damage    Failure   Level
 Blink                    Tloc           18%        N/A       14%         2
 Lesser Beckoning         Tloc           18%        N/A       14%         2
 Teleport Other           Tloc           9%         N/A       28%         3
 Vhi's Electric Charge    Tloc/Air       10%        N/A       45%         3
 Manifold Assault         Tloc           9%         N/A       67%         4


Dungeon Overview and Level Annotations

Branches:
Dungeon (1/15)

Altars:

Shops:
D:1 *


Innate Abilities, Weirdness & Mutations

You have extremely sharp teeth.
When hurt, damage is shared between your health and your magic reserves.
Your bite disrupts and absorbs the magic of your enemies.
Potions cannot restore your health.


Message History

No target in view!
No target in view!
HP restored.
Magic restored.
A dart slug comes into view.
A dart slug is nearby!
The dart slug briefly extends its eye-stalks.
The dart slug barely misses you.
You hit the dart slug. You bite the dart slug. You drain its power.
The dart slug is almost dead.
The dart slug launches a dart at you. The slug dart hits you.
You hit the dart slug.
You kill the dart slug!
You have reached level 2!
Found Urchaj's General Store.
Found a stone staircase leading down.
f - a scroll labelled YRYOCK TAPEL
There is an entrance to Urchaj's General Store here.
Found 3 stones.
A gnoll comes into view. It is wielding a +1 flail of draining.
The gnoll shouts!
An endoplasm comes into view.
Found a scroll labelled FEFAH HUOKEOGI.
The endoplasm quivers.
You barely miss the endoplasm. You bite the endoplasm. You drain its power.
The endoplasm is heavily wounded.
The endoplasm closely misses you.
The gnoll hits you with a +1 flail of draining.
You feel drained. The endoplasm barely misses you.
You hit the endoplasm.
You kill the endoplasm!
The gnoll hits you with a +1 flail of draining.
You feel drained.
You slash the gnoll! You bite the gnoll. You drain its power.
You feel invigorated.
The gnoll is almost dead.
The gnoll hits you with a +1 flail of draining!
* * * LOW HITPOINT WARNING * * *
You feel drained.
You die...

#.###########.#####
#.# #..(......# #.#
#.###.###.# #+# #.#
#.# .###.###.#
.........#
...####..# #..#
#@.# ...?...g.#
.#..###.## # #.#
#.# ..# ###


You could see a gnoll.

Vanquished Creatures
  A dart slug (D:1)
  An endoplasm (D:1)
  A hobgoblin (D:1)
  2 ball pythons (D:1)
  A bat (D:1)
  A frilled lizard (D:1)
7 creatures vanquished.

Notes
Turn   | Place    | Note
-------+----------+-------------------------------------------
     0 | D:1      | Leeroy the Vine Stalker Warper began the quest for the Orb.
     0 | D:1      | Reached XP level 1. HP: 11/11 MP: 4/4
    65 | D:1      | Reached XP level 2. HP: 12/15 MP: 4/6
    97 | D:1      | Found Urchaj's General Store.
   160 | D:1      | Slain by a gnoll

Illustrated notes

Levels and vault maps discovered:
D:1:      giann_bridges, layout_loops_corners, serial_shops, shop

Skill      XL: |  1 |
---------------+----+-----
Long Blades    | 2 |  2.5
Fighting       | |  1.7
Throwing       | |  0.8
Armour         | |  0.7
Dodging        | |  1.5
Spellcasting   | |  2.1
Translocations | |  3.0

Action                     || total
---------------------------++-------
  Melee: Falchion          ||    13
         Bite              ||     3
 Armour: Leather armour    ||     1
  Dodge: Dodged            ||    12

Table legend: (Time is in decaauts)
 A = Elapsed time spent in this place.
 B = Non-inter-level travel time spent in this place.
 C = Inter-level travel time spent in this place.
 D = Time resting spent in this place.
 E = Time spent auto-exploring this place.
 F = Levels seen in this place.
 G = Mean time per level.
                   A        B        C        D        E       F      G
               +--------+--------+--------+--------+--------+-----+--------+
         Total |    162 |    162 |      0 |      0 |    117 |   1 |  162.0 |
       Dungeon |    162 |    162 |      0 |      0 |    117 |   1 |  162.0 |
               +--------+--------+--------+--------+--------+-----+--------+

Top non-repeatable levels by time:
     D:1: 162 daAuts
